 Dungeon Crawl Stone Soup version 0.17-a0-1949-g1acca9a (webtiles) character file.

133538 AvylaarBelgium the Carver (level 16, -19/127 HPs)
             Began as a Demonspawn Gladiator on Oct 2, 2015.
             Was an Elder of Makhleb.
             Demolished by an azure jelly (41 damage)
             ... on level 7 of the Lair of Beasts.
             The game lasted 02:34:50 (33412 turns).

AvylaarBelgium the Carver (Demonspawn Gladiator)   Turns: 33412, Time: 02:34:50

Health: -19/127    AC: 13    Str: 19    XL:     16   Next: 60%
Magic:  0/24       EV: 18    Int: 11    God:    Makhleb [****..]
Gold:   846        SH: 10    Dex: 21    Spells: 3 memorised, 7 levels left

rFire  . . .     SeeInvis +     s - +7 falchion of Scorn {vamp, Dex+4 Stlth+}
rCold  . . .     Rnd*Rage +     U - +1 leather armour of Yfoethro {rElec rCorr Str-3}
rNeg   . . .     SustAt   +     w - +0 shield
rPois  .         Gourm    .     (helmet restricted)
rElec  +         Spirit   +     W - +0 cloak of Weightlessness {MR+}
rCorr  +         Warding  .     l - +0 pair of gloves
rMut   +         Stasis   .     L - +2 pair of boots
MR     +++..                    C - amulet of resist mutation
Stlth  ++++++++..               N - ring of sustain attributes
                                t - ring of see invisible

@: drained, extremely resistant to hostile enchantments, extraordinarily
stealthy
A: antennae 1, claws 2, talons 1, thin skeletal structure 3, berserk 1, clumsy
1, foul stench 1, magic resistance 1, mutation resistance 1, shaggy fur 1, wild
magic 1, magic shield, magic regeneration, rot immunity
a: Minor Destruction, Lesser Servant of Makhleb, Major Destruction, Renounce
Religion


You were on level 7 of the Lair of Beasts.
You worshipped Makhleb.
Makhleb was greatly pleased with you.
You were very full.

You visited 6 branches of the dungeon, and saw 29 of its levels.
You also visited: Labyrinth, Sewer and Bailey.

You collected 3772 gold pieces.
You spent 2926 gold pieces at shops.

Inventory:

Hand weapons
 e - the +3 hand crossbow "Inats" {elec, rPois Int+4}
   (You found it on level 3 of the Elven Halls)

   It charges the ammunition it shoots with electricity; occasionally upon a
   hit, such missiles may discharge and cause terrible harm.
   It affects your intelligence (+4).
   It protects you from poison.
 s - the +7 falchion of Scorn (weapon) {vamp, Dex+4 Stlth+}
   (You found it on level 4 of the Lair of Beasts)

   It inflicts no extra harm, but heals its wielder somewhat when it strikes a
   living foe.
   It affects your dexterity (+4).
   It makes you more stealthy.
 E - a +4 great sword of draining
Missiles
 d - 11 throwing nets
 D - 9 javelins of penetration (quivered)
Armour
 b - the +6 scale mail of Greater Demons {rElec}
   (You took it off a deep elf high priest on level 3 of the Elven Halls)

   It insulates you from electricity.
 h - a +3 plate armour of magic resistance
 l - a +0 pair of gloves (worn)
 w - a +0 shield (worn)
 x - a +2 cloak of poison resistance
 K - the +0 cloak of Tysmeh {rF+}
   (You found it on level 2 of the Orcish Mines)

   It protects you from fire.
 L - a +2 pair of boots (worn)
 U - the +1 leather armour of Yfoethro (worn) {rElec rCorr Str-3}
   (You took it off a deep elf fighter on level 3 of the Elven Halls)

   It affects your strength (-3).
   It insulates you from electricity.
   It protects you from acid and corrosion.
 W - the +0 cloak of Weightlessness (worn) {MR+}
   (You found it on level 3 of the Elven Halls)

   It affects your resistance to hostile enchantments.
 X - the +9 plate armour "Voc Qaox" {Str+2 Dex+4}
   (You bought it in a shop on level 4 of the Orcish Mines)

   It affects your strength (+2).
   It affects your dexterity (+4).
Rods
 y - a +5 iron rod (14/14)
   (You found it on level 8 of the Lair of Beasts)
Jewellery
 t - a ring of see invisible (left hand)
 C - an amulet of resist mutation (around neck)
 N - a ring of sustain attributes (right hand)
 Q - an uncursed amulet of clarity
 T - an uncursed amulet of rage
 V - an uncursed amulet of the gourmand
Magical devices
 q - a wand of disintegration (3)
Scrolls
 c - 2 scrolls of recharging
 m - a scroll of remove curse
 F - a scroll of silence
 R - 2 scrolls of teleportation
 Z - a scroll of summoning
Potions
 i - 2 potions of invisibility
 k - 4 potions of flight
 o - a potion of ambrosia
 r - 4 potions of lignification
 z - 10 potions of magic
 A - 2 potions of berserk rage
 B - a potion of cancellation
 O - 3 potions of haste
 P - 12 potions of curing
 S - 3 potions of might
 Y - 4 potions of brilliance
Books
 v - a book of Enchantments

   Spells                             Type                      Level
   a - Cause Fear                     Hexes                        4
   b - Silence                        Hexes/Air                    5
   c - Deflect Missiles               Charms/Air                   6
   d - Haste                          Charms                       6
   e - Discord                        Hexes                        8
Miscellaneous
 a - an ornate deck of summoning {drawn: 3}
 f - a box of beasts
 g - an ornate deck of wonders {the Helix}
 j - a plain deck of changes
 n - a box of beasts {used: 1}
 p - a phial of floods (inert)
 G - an ornate deck of defence {drawn: 2}
Comestibles
 u - 17 meat rations
 I - 11 bread rations
 M - 23 fruits


   Skills:
 + Level 11.8(11.5) Fighting
   Level 2.0(9.9) Short Blades
 - Level 14.8(14.6) Long Blades
 - Level 2.5(2.3) Maces & Flails
   Level 1.4(1.2) Polearms
 - Level 1.7(1.5) Throwing
 + Level 11.4(11.2) Armour
 - Level 9.3(9.1) Dodging
 - Level 12.7(12.5) Stealth
 - Level 4.4(4.2) Shields
 - Level 2.3(2.1) Spellcasting
 - Level 3.0(2.8) Necromancy
 - Level 11.0(10.7) Invocations


You had 7 spell levels left.
You knew the following spells:

 Your Spells              Type           Power        Failure   Level  Hunger
c - Spider Form           Trmt/Pois      #.........   100%        3    ####...
d - Regeneration          Chrm/Necr      #.........   100%        3    ####...
e - Haste                 Chrm           #.......     100%        6    #######


Dungeon Overview and Level Annotations

Branches:
Dungeon (12/15)            Temple (1/1) D:4            Lair (8/8) D:8
  Swamp (0/4) Lair:6        Snake (0/4) Lair:5        Slime (1/6) Lair:7
    Orc (4/4) D:11            Elf (3/3) Orc:3

Altars:
Ashenzari
Dithmenos
Elyvilon
Fedhas
Kikubaaqudgha
Makhleb
Okawaru
Qazlal
Sif Muna
Trog
Vehumet
Yredelemnul
Zin
The Shining One
Beogh

Shops:
D:6 *   D:8 !   D:12 :   Orc:1 =   Orc:3 [   Orc:4 *![(

Portals:
Hell: Lair:8
Trove: D:11 (show abyssal rune of Zot)

Annotations:
D:4 Grinder
Elf:2 3 runed doors


Innate Abilities, Weirdness & Mutations

You have very sharp fingernails.
You have an unnaturally thin skeletal structure (Dex +6, Stealth++).
You may emit foul miasma when damaged in melee.
When hurt, damage is shared between your health and your magic reserves.
You regenerate magic rapidly.
You are immune to rotting.
You have a pair of small antennae on your head.
You have sharp toenails.
You tend to lose your temper in combat.
You are clumsy. (Dex -2)
You are resistant to hostile enchantments.
You are somewhat resistant to further mutation.
You are covered in fur (AC +1).
Your spells are a little harder to cast, but a little more powerful.


Message History

* * * LOW HITPOINT WARNING * * *
Read which item? (? for menu, Esc to quit)
As you read the scroll of fear, it crumbles to dust.
You assume a fearsome visage.
The azure jelly resists with almost no effort.
You block the azure jelly's attack. The azure jelly misses you.
You block the azure jelly's attack. The azure jelly misses you.
Your larval shocksting beast hits the azure jelly!
Your larval shocksting beast stings the azure jelly but does no damage.
Drink which item? (? for menu, Esc to quit)
Okay, then.
Unknown command.
Put on which piece of jewellery? (? for menu, Esc to quit)
Okay, then.
Unknown command.
Evoke which item? (* to show all) (? for menu, Esc to quit)
You draw a card...
It is the Elixir.
The azure jelly hits you!
* * * LOW HITPOINT WARNING * * *
The azure jelly freezes you!!!
You die...

#.........≈...+....'......
##...J.≈≈≈....##..........
#......≈≈≈≈....##...<.....
##P##[.#≈#.#..#####.......
#####..####### ###......
#P....#.# #.##..P..
##..P..H# #........
####PJ.# #..##.### #@P##
##.#..#.#. #...#
##.+..#.##. ##.##
#.......... ##...##
#.......... #.#.#.#
#.......... ###..##
##[)....... #....#
##.+PP.... #....#
##...#.## #...## #....#.##


You could see an azure jelly, a slime creature (wandering) and a friendly larval
shocksting beast.

Vanquished Creatures
  A deep elf master archer (Elf:3)
  A deep elf blademaster (Elf:3)
  An orc warlord (Orc:2)
  A deep elf sorcerer (Elf:3)
  2 deep elf demonologists (Elf:3)
  Snorg (Orc:3)
  4 deep elf death magi
  A great orb of eyes (Slime:1)
  Fannar (D:10)
  A centaur warrior (D:11)
  An ogre mage (D:11)
  3 hydras
  2 dancing weapons (Elf:2)
  18 death yaks
  Urug (Orc:2)
  3 orc high priests
  Nergalle (D:10)
  5 deep elf knights
  A sun demon (Lair:8)
  2 small abominations (Elf:1)
  An unseen horror (D:12)
  5 deep elf summoners
  A lindwurm (Lair:8)
  3 hill giants (D:12)
  A wizard (Lair:8)
  A shining eye (Slime:1)
  6 deep elf conjurers
  2 orc knights (Orc:2)
  2 orc sorcerers
  2 griffons (Lair:7)
  An ugly thing (D:11)
  A cyclops (D:12)
  A manticore (D:12)
  5 elephants
  A sixfirhy (Lair:8)
  7 black mambas
  20 spiny frogs
  Joseph (Lair:1)
  A smoke demon (Lair:8)
  A gargoyle (D:11)
  4 komodo dragons
  3 orange demons (Lair:8)
  A red devil (Lair:8)
  7 deep elf priests
  7 trolls
  6 fire drakes
  A merfolk (D:11)
  A queen bee (Lair:5)
  A blue devil (Lair:8)
  A two-headed ogre (D:10)
  31 blink frogs
  5 slime creatures (Slime:1)
  A boulder beetle (Lair:6)
  A trapdoor spider (D:11)
  23 deep elf magi
  2 wraiths
  2 shadows
  14 yaks
  2 wyverns
  10 hippogriffs
  Eustachio (D:5)
  7 vampire mosquitoes (Lair:6)
  23 deep elf fighters
  5 nagas (Lair:5)
  8 wargs
  5 basilisks
  Menkaure (D:7)
  14 wolves
  A hell hound (Lair:8)
  Duvessa (D:4)
  38 orc warriors
  5 sky beasts
  12 water moccasins
  A necrophage (D:6)
  10 porcupines
  A spider (D:10)
  A black bear (D:10)
  2 ice beasts
  3 phantoms
  16 crocodiles
  4 big kobolds
  14 ogres
  12 centaurs
  Dowan (D:4)
  20 giant frogs
  7 scorpions
  20 killer bees
  9 wights
  A centaur zombie (D:6)
  2 crimson imps
  14 two-headed ogre zombies (D:11)
  8 jellies
  29 orc wizards
  8 iguanas
  A gnoll shaman (D:3)
  4 hell rats
  33 orc priests
  8 hounds
  A quasit (D:10)
  16 worker ants
  A killer bee zombie (D:9)
  22 sheep
  2 worker ant zombies
  14 adders
  16 gnolls
  27 river rats
  A shadow imp (D:11)
  12 white imps (D:11)
  An adder skeleton (D:7)
  An adder zombie (D:6)
  11 oozes
  14 giant geckos
  159 orcs
  16 hobgoblins
  8 jackals
  35 kobolds
  7 quokkas
  10 ball pythons
  8 bats
  10 giant cockroaches
  14 giant newts
  10 goblins
  5 rats
  A crawling corpse (Elf:1)
1009 creatures vanquished.

Vanquished Creatures (collateral kills)
  A deep elf master archer (Elf:3)
  A deep elf blademaster (Elf:3)
  4 deep elf sorcerers (Elf:3)
  An orc warlord (Orc:4)
  4 deep elf demonologists
  A deep elf annihilator (Elf:3)
  3 deep elf death magi (Elf:3)
  A minotaur (Lab)
  3 deep elf high priests
  6 hydras
  2 orc high priests
  4 deep elf knights
  The ghost of Gargoyl the Skirmisher, an experienced DsAK of Lugonu (Bailey)
  2 deep elf summoners (Elf:1)
  2 orc sorcerers
  An orc knight (Bailey)
  2 deep elf conjurers (Elf:3)
  3 oklob plants (Lair:7)
  2 elephants (Lair:2)
  2 orange demons (Lair:8)
  2 deep elf priests (Elf:1)
  A blue devil (Lair:8)
  2 trolls (Orc:4)
  4 deep elf magi
  5 deep elf fighters
  A water moccasin (Lair:1)
  A hell hound (Lair:8)
  7 orc warriors
  An ogre (Elf:1)
  4 orc wizards (Orc:4)
  2 orc priests
  2 gnolls (Bailey)
  2 river rats (Lair:8)
  19 orcs
  A kobold (Bailey)
100 creatures vanquished.

Vanquished Creatures (others)
  A fire dragon (Lair:8)
  A deep elf knight (Elf:1)
  An orc wizard (Orc:2)
  18 fungi
  4 plants
25 creatures vanquished.

Grand Total: 1134 creatures vanquished

Notes
Turn   | Place    | Note
--------------------------------------------------------------
     0 | D:1      | AvylaarBelgium the Demonspawn Gladiator began the quest for the Orb.
     0 | D:1      | Reached XP level 1. HP: 16/16 MP: 1/1
   195 | D:1      | Reached skill level 3 in Long Blades
   556 | D:1      | Gained mutation: You have sharp fingernails. [demonic ancestry]
   556 | D:1      | Reached XP level 2. HP: 22/22 MP: 2/2
  1209 | D:2      | Found a bloodstained altar of Trog.
  1283 | D:2      | Gained mutation: You have a somewhat thin skeletal structure (Dex +2, Stealth). [demonic ancestry]
  1283 | D:2      | Reached XP level 3. HP: 24/27 MP: 3/3
  1626 | D:2      | Reached skill level 1 in Armour
  2080 | D:3      | Found a deep blue altar of Sif Muna.
  2152 | D:3      | Reached XP level 4. HP: 33/33 MP: 4/4
  2152 | D:3      | Reached skill level 1 in Stealth
  2153 | D:3      | Reached skill level 4 in Long Blades
  2436 | D:4      | Noticed Grinder
  2454 | D:4      | Noticed a phantom
  2483 | D:4      | Noticed a phantom
  2490 | D:4      | Found a shadowy altar of Dithmenos.
  2493 | D:4      | Found a staircase to the Ecumenical Temple.
  2502 | Temple   | Entered the Ecumenical Temple
  2598 | Temple   | Became a worshipper of Makhleb the Destroyer
  2979 | D:3      | Gained mutation: You are immune to rotting. [demonic ancestry]
  2979 | D:3      | Reached XP level 5. HP: 38/38 MP: 5/5
  3189 | D:4      | Noticed Duvessa
  3218 | D:4      | Killed Duvessa
  3218 | D:4      | Gained mutation: You have very sharp fingernails. [demonic ancestry]
  3218 | D:4      | Reached XP level 6. HP: 44/44 MP: 6/6
  3230 | D:4      | Noticed Dowan
  3241 | D:4      | Killed Dowan
  3980 | D:4      | Killed a phantom
  3980 | D:4      | Reached skill level 5 in Long Blades
  3980 | D:4      | Gained mutation: You have a moderately thin skeletal structure (Dex +4, Stealth+). [demonic ancestry]
  3980 | D:4      | Reached XP level 7. HP: 30/50 MP: 7/7
  4408 | D:5      | Entered Level 5 of the Dungeon
  4409 | D:5      | Found a radiant altar of Vehumet.
  4484 | D:5      | Found an ancient bone altar of Kikubaaqudgha.
  4509 | D:5      | Noticed Eustachio
  4533 | D:5      | Killed Eustachio
  4701 | D:5      | Acquired Makhleb's first power
  4882 | D:5      | Found a glowing drain.
  4886 | Sewer    | Entered a sewer
  5064 | Sewer    | Reached skill level 5 in Stealth
  5129 | Sewer    | Acquired Makhleb's second power
  5251 | Sewer    | Gained mutation: You may emit foul miasma when damaged in melee. [demonic ancestry]
  5251 | Sewer    | Reached XP level 8. HP: 43/56 MP: 8/8
  5384 | D:5      | Found a glowing silver altar of Zin.
  5384 | D:5      | Noticed an angel
  5591 | D:5      | Acquired Makhleb's third power
  5600 | D:5      | Gained mutation: You tend to lose your temper in combat. [mutagenic meat]
  5601 | D:5      | Gained mutation: You are weak. (Str -2) [mutagenic meat]
  5602 | D:5      | Gained mutation: You have sharp toenails. [mutagenic meat]
  5603 | D:5      | Lost mutation: You are weak. (Str -2) [mutagenic meat]
  5604 | D:5      | Gained mutation: You often lose your temper in combat. [mutagenic meat]
  5981 | D:6      | Reached skill level 5 in Armour
  6002 | D:6      | Reached skill level 6 in Long Blades
  6008 | D:6      | Reached skill level 1 in Invocations
  6430 | D:6      | Got a dazzling ring mail
  6473 | D:6      | Reached skill level 7 in Stealth
  6671 | D:6      | Found Joompa's Assorted Antiques.
  6683 | D:6      | Bought a scroll of teleportation for 93 gold pieces
  6683 | D:6      | Bought a yellow potion for 27 gold pieces
  6685 | D:6      | Bought a scroll of remove curse for 93 gold pieces
  6685 | D:6      | Bought a metallic purple potion for 27 gold pieces
  6696 | D:6      | Identified the +3 ring mail of Hedge Wizardry {rElec Str+3 Dex+3} (You found it on level 6 of the Dungeon)
  6730 | D:6      | Gained mutation: When hurt, damage is shared between your health and your magic reserves. [demonic ancestry]
  6730 | D:6      | Reached XP level 9. HP: 61/61 MP: 10/10
  6977 | D:6      | Reached skill level 1 in Maces & Flails
  7170 | D:6      | Acquired Makhleb's fourth power
  7488 | D:7      | Reached skill level 1 in Shields
  7679 | D:7      | Noticed Menkaure
  7684 | D:7      | Killed Menkaure
  8396 | D:8      | Found a staircase to the Lair.
  8507 | D:8      | Acquired Makhleb's fifth power
  8584 | D:8      | Found Hewneet's Distillery.
  8647 | D:8      | Bought a potion of heal wounds for 65 gold pieces
  8647 | D:8      | Bought a potion of curing for 39 gold pieces
  9054 | D:9      | Reached XP level 10. HP: 65/67 MP: 9/11
  9577 | D:9      | Found a shattered altar of Ashenzari.
  9577 | D:9      | Found a blossoming altar of Fedhas.
  9857 | D:10     | Entered Level 10 of the Dungeon
  9864 | D:10     | Noticed Nergalle
  9934 | D:10     | Found a flagged portal.
  9955 | Bailey   | Entered a bailey
 10442 | Bailey   | Noticed an orc knight
 10532 | Bailey   | Noticed Gargoyl's ghost (experienced DsAK)
 10569 | Bailey   | Killed Gargoyl's ghost
 10569 | Bailey   | Reached skill level 8 in Long Blades
 10602 | Bailey   | Killed an orc knight
 10801 | D:10     | Noticed Psyche
 10803 | D:10     | Noticed Psyche
 10803 | D:10     | Psyche changed into Psyche the spider
 10811 | D:10     | Killed Psyche the spider
 11019 | D:10     | Noticed Fannar
 11277 | D:11     | Found a staircase to the Orcish Mines.
 11427 | D:12     | Reached skill level 9 in Long Blades
 11427 | D:12     | Gained mutation: You regenerate magic rapidly. [demonic ancestry]
 11427 | D:12     | Reached XP level 11. HP: 74/81 MP: 12/12
 11491 | D:12     | Noticed a manticore
 11498 | D:12     | Killed a manticore
 11498 | D:12     | Reached skill level 10 in Stealth
 11511 | D:12     | Reached skill level 10 in Long Blades
 11614 | D:12     | Found Uzawn's Book Shop.
 12088 | D:12     | Noticed a hill giant
 12393 | D:12     | Killed a hill giant
 12425 | D:12     | Noticed a hill giant
 12497 | D:12     | Killed a hill giant
 12497 | D:12     | Gained mutation: You have an unnaturally thin skeletal structure (Dex +6, Stealth++). [demonic ancestry]
 12497 | D:12     | Reached XP level 12. HP: 89/89 MP: 9/13
 12686 | D:12     | Noticed a hill giant
 12697 | D:12     | Killed an unseen horror
 12755 | D:12     | Killed a hill giant
 13359 | D:11     | Noticed a red ugly thing
 13363 | D:11     | Killed a red ugly thing
 13379 | D:11     | Gained mutation: Your body sometimes deteriorates upon taking damage. [mutagenic meat]
 13380 | D:11     | Gained mutation: Your spells are a little harder to cast, but a little more powerful. [mutagenic meat]
 13513 | D:11     | Found a portal to a secret trove of treasure.
 13726 | D:11     | Noticed an ogre mage
 13746 | D:11     | Killed an ogre mage
 13746 | D:11     | Reached skill level 11 in Stealth
 13924 | D:11     | Noticed a centaur warrior
 14028 | D:11     | Killed a centaur warrior
 14279 | D:11     | Reached skill level 1 in Short Blades
 15029 | D:10     | Killed Nergalle
 15183 | D:10     | Killed Fannar
 15421 | Lair:1   | Entered Level 1 of the Lair of Beasts
 15421 | Lair:1   | Noticed Joseph
 15464 | Lair:1   | Reached skill level 12 in Stealth
 15489 | Lair:1   | Killed Joseph
 15840 | Lair:1   | Reached XP level 13. HP: 99/99 MP: 12/14
 15878 | Lair:1   | Noticed an eight-headed hydra
 16801 | Lair:2   | Got a smelly ring mail
 16812 | Lair:2   | Identified the +0 ring mail of the Lily {Str+6} (You found it on level 2 of the Lair of Beasts)
 16980 | Lair:3   | Reached skill level 5 in Dodging
 17938 | Lair:4   | Reached skill level 5 in Invocations
 18293 | Lair:4   | Got a pitted falchion
 18498 | Lair:4   | Reached XP level 14. HP: 106/106 MP: 16/19
 18691 | Lair:4   | Reached skill level 13 in Long Blades
 19191 | Lair:5   | Found a staircase to the Snake Pit.
 19557 | Lair:5   | Identified the +7 falchion of Scorn {vamp, Dex+4 Stlth+} (You found it on level 4 of the Lair of Beasts)
 20866 | Lair:6   | Found a staircase to the Swamp.
 20937 | Lair:6   | Learned a level 1 spell: Beastly Appendage
 20942 | Lair:6   | Learned a level 4 spell: Ice Form
 20946 | Lair:6   | Learned a level 3 spell: Spider Form
 21450 | Lair:7   | Reached skill level 10 in Invocations
 21544 | Lair:7   | Found a labyrinth entrance.
 21557 | Lab      | Entered a labyrinth
 22307 | Lair:7   | Found a staircase to the Slime Pits.
 22623 | Lair:8   | Entered Level 8 of the Lair of Beasts
 23077 | Lair:8   | Found a burning altar of Makhleb.
 23360 | Lair:8   | Reached XP level 15. HP: 61/115 MP: 18/22
 23616 | Lair:7   | Reached skill level 1 in Polearms
 24127 | Lair:8   | Reached skill level 14 in Long Blades
 24174 | Lair:8   | Found a gateway to Hell.
 24502 | Lair:1   | Killed a ten-headed hydra
 24716 | Orc:1    | Entered Level 1 of the Orcish Mines
 24858 | Orc:1    | Found Sirye's Jewellery Shop.
 24925 | Orc:1    | Bought a cursed amulet of inaccuracy for 26 gold pieces
 24928 | Orc:1    | Bought an uncursed amulet of the gourmand for 390 gold pieces
 25181 | Orc:2    | Noticed Urug
 25188 | Orc:2    | Killed Urug
 25565 | Orc:2    | Found a roughly hewn altar of Beogh.
 25746 | Orc:2    | Got a distressingly furry cloak
 25758 | Orc:2    | Identified the +0 cloak of Tysmeh {rF+} (You found it on level 2 of the Orcish Mines)
 26141 | Orc:3    | Found Haatewn's Armour Shop.
 26324 | Orc:3    | Noticed Snorg
 26338 | Orc:3    | Killed Snorg
 26428 | Orc:3    | Found a staircase to the Elven Halls.
 27011 | Orc:4    | Entered Level 4 of the Orcish Mines
 27149 | Orc:4    | Found a roughly hewn altar of Beogh.
 27523 | Orc:4    | Found Xonk's Antique Weapon Emporium.
 27524 | Orc:4    | Found a roughly hewn altar of Beogh.
 27527 | Orc:4    | Found Zeriuliu's Antique Armour Shoppe.
 27540 | Orc:4    | Bought a fine plate armour for 840 gold pieces
 27550 | Orc:4    | Identified the +9 plate armour "Voc Qaox" {Str+2 Dex+4} (You bought it in a shop on level 4 of the Orcish Mines)
 27558 | Orc:4    | Bought a glowing hat for 120 gold pieces
 27658 | Orc:4    | Found a roughly hewn altar of Beogh.
 27659 | Orc:4    | Found Hoom's Distillery.
 27679 | Orc:4    | Bought a potion of cure mutation for 595 gold pieces
 27681 | Orc:4    | Lost mutation: You often lose your temper in combat. [potion of cure mutation]
 27681 | Orc:4    | Lost mutation: Your body sometimes deteriorates upon taking damage. [potion of cure mutation]
 27681 | Orc:4    | Lost mutation: You have sharp toenails. [potion of cure mutation]
 27682 | Orc:4    | Gained mutation: You have a pair of small antennae on your head. [potion of beneficial mutation]
 27683 | Orc:4    | Bought a potion of mutation for 42 gold pieces
 27683 | Orc:4    | Bought a potion of mutation for 42 gold pieces
 27683 | Orc:4    | Gained mutation: You are clumsy. (Dex -2) [potion of mutation]
 27683 | Orc:4    | Gained mutation: You have sharp toenails. [potion of mutation]
 27684 | Orc:4    | Gained mutation: You are covered in fur (AC +1). [potion of mutation]
 27684 | Orc:4    | Gained mutation: You are resistant to hostile enchantments. [potion of mutation]
 27684 | Orc:4    | Gained mutation: You are somewhat resistant to further mutation. [potion of mutation]
 27700 | Orc:4    | Bought a potion of heal wounds for 85 gold pieces
 27700 | Orc:4    | Bought a potion of haste for 170 gold pieces
 27700 | Orc:4    | Bought a potion of curing for 51 gold pieces
 27700 | Orc:4    | Bought a potion of haste for 170 gold pieces
 27700 | Orc:4    | Bought a potion of curing for 51 gold pieces
 27931 | Orc:4    | Found a roughly hewn altar of Beogh.
 27952 | Orc:4    | Found Jautite's General Store.
 27990 | Orc:4    | Found a roughly hewn altar of Beogh.
 28177 | Elf:1    | Entered Level 1 of the Elven Halls
 28515 | Elf:1    | Learned a level 3 spell: Regeneration
 29318 | Elf:1    | Reached skill level 1 in Necromancy
 29341 | Elf:1    | Reached skill level 1 in Spellcasting
 29660 | Elf:2    | Found a runed gate.
 29660 | Elf:2    | Found a runed gate.
 29660 | Elf:2    | Found a runed gate.
 29813 | Elf:2    | Reached XP level 16. HP: 105/122 MP: 24/24
 29824 | Elf:3    | Entered Level 3 of the Elven Halls
 29884 | Elf:3    | Reached skill level 10 in Fighting
 29911 | Elf:3    | Reached skill level 10 in Armour
 29956 | Elf:3    | Found an ancient bone altar of Kikubaaqudgha.
 30278 | Elf:3    | Noticed a Brimstone Fiend
 30786 | Elf:3    | Noticed a deep elf blademaster
 31079 | Elf:3    | Killed a deep elf blademaster
 31098 | Elf:3    | Noticed a deep elf master archer
 31102 | Elf:3    | Killed a deep elf master archer
 31194 | Elf:3    | Noticed a deep elf master archer
 31197 | Elf:3    | Noticed a deep elf blademaster
 31220 | Elf:3    | Killed a deep elf blademaster
 31651 | Elf:3    | Killed a ghostly deep elf blademaster
 31851 | Elf:3    | Killed a deep elf master archer
 31881 | Elf:3    | Got an encrusted scale mail
 31970 | Elf:3    | Got a transparent hand crossbow
 31977 | Elf:3    | Got an ancient war axe {drain}
 31977 | Elf:3    | Got a twisted leather armour
 32112 | Elf:3    | Got a shimmering leather armour
 32132 | Elf:3    | Got a polished cloak
 32148 | Elf:3    | Identified the +0 cloak of Weightlessness {MR+} (You found it on level 3 of the Elven Halls)
 32158 | Elf:3    | Identified the +1 leather armour of the Meadowlark {Regen+ Dex+2} (You found it on level 3 of the Elven Halls)
 32168 | Elf:3    | Identified the +1 leather armour of Yfoethro {rElec rCorr Str-3} (You took it off a deep elf fighter on level 3 of the Elven Halls)
 32178 | Elf:3    | Identified the +6 scale mail of Greater Demons {rElec} (You took it off a deep elf high priest on level 3 of the Elven Halls)
 32190 | Elf:3    | Identified the +3 hand crossbow "Inats" {elec, rPois Int+4} (You found it on level 3 of the Elven Halls)
 32191 | Elf:3    | Identified the +5 war axe "Omon Kicauq" {drain, Str+4} (You took it off a deep elf fighter on level 3 of the Elven Halls)
 32200 | Elf:3    | Got a brightly glowing robe
 32211 | Elf:3    | Identified the +0 robe "Seonyatot" {Int+2} (You found it on level 3 of the Elven Halls)
 32387 | Elf:3    | Learned a level 6 spell: Haste
 33223 | Slime:1  | Entered Level 1 of the Pits of Slime
 33412 | Lair:7   | Demolished by an azure jelly

Vault maps used:
D:1:      lemuel_arrival_tunnels
D:2:      lemuel_crystal_altar, grunt_ministairs_14
D:3:      overflow_temple_1_default, first_bread, columned_hall_lemuel
D:4:      minmay_temple_entry_large_hall, hangedman_decor_push,
          lemuel_statue_altar, uniq_grinder, uniq_duvessa
D:5:      corexii_shack_village, zin_angel, kiku_gazebo_garden_becter,
          vehumet_crystals, gup_sewer_entry_bowl, uniq_eustachio
D:6:      serial_shops, shop, lexackson_kobold_supper
D:7:      uniq_menkaure
D:8:      lair_0_dummy, serial_shops, nicolae_shop_competitors_out_of_business
D:9:      gammafunk_temple_overflow_elements, serial_glass, glass_columns_a,
          glass_columns_b
D:10:     enter_bailey_3, uniq_nergalle, uniq_fannar, uniq_psyche
D:11:     lemuel_ogre_cave, orc_0_dummy, portal_ice_cave_entry_imps,
          enter_trove_6, hangedman_fish_farm
D:12:     lemuel_ice_spiral_2, serial_shops, shop
Temple:   chambers_temple_12
Lair:1:   infiniplex_staircase_pool_2, grunt_megastairs_1, lemuel_fruit_fields,
          uniq_joseph
Lair:2:   grunt_forest_large_clearings
Lair:3:   lemuel_fruit_tree
Lair:4:   serial_bayou_shore_b, grunt_megastairs_2
Lair:5:   minmay_snake_entry_guardpost_small, special_room, beast_lair_carwin_5
Lair:6:   minmay_swamp_entry_swarm
Lair:7:   minmay_slime_entry_oklob_open, lab_entry_generic
Lair:8:   evil_forest, bobbens_dragon_lair_wall
Orc:1:    basic_altar, serial_shops, shop_coins
Orc:2:    orc_temple, uniq_urug
Orc:3:    serial_shops, nicolae_shop_stone, nicolae_orc_pool_cavern,
          nooodl_orcs_dogs, uniq_snorg
Orc:4:    grunt_orc_community_town_hall, grunt_orc_community_big_house_1,
          grunt_orc_community_big_house_1, grunt_orc_community_house_1,
          grunt_orc_community_house_1, grunt_orc_community_house_2,
          grunt_orc_community_house_3
Elf:1:    eino_elf_arrival_shootout, hangedman_elf_represent
Elf:3:    elf_hall_gauntlet_narrow, basic_altar
Lab:      labyrinth_spiral
Sewer:    sewer_frog_island_02
Bailey:   bailey_axe_2, bailey

Action                   |  1- 3 |  4- 6 |  7- 9 | 10-12 | 13-15 | 16-18 || total
-------------------------+-------+-------+-------+-------+-------+-------++-------
Melee: Long sword        |   133 |    34 |   306 |       |       |       ||   473
       Blowgun           |       |     1 |       |       |       |       ||     1
       Flail             |       |       |    97 |       |       |       ||    97
       Great sword       |       |       |   131 |   619 |  1696 |   215 ||  2661
       Dagger            |       |       |       |     4 |       |       ||     4
       Battleaxe         |       |       |       |       |     9 |       ||     9
       Falchion          |       |       |       |       |     7 |   121 ||   128
       Scythe            |       |       |       |       |    20 |       ||    20
 Fire: Blowgun           |       |    37 |    23 |    34 |    29 |       ||   123
Throw: Javelin           |     8 |       |    39 |    23 |    29 |    23 ||   122
       Tomahawk          |       |     3 |     4 |       |    10 |       ||    17
       Throwing net      |       |       |     1 |       |       |     2 ||     3
Invok: Minor Destruction |       |       |     7 |       |       |       ||     7
       Lesser Servant of |       |       |       |    14 |    41 |    10 ||    65
       Greater Servant o |       |       |       |       |    10 |    11 ||    21
       Major Destruction |       |       |       |       |       |     1 ||     1
Evoke: Wand              |       |       |       |     2 |     5 |     1 ||     8
       Deck              |       |       |       |     1 |     7 |     4 ||    12
       Box of beasts     |       |       |       |       |       |     1 ||     1
       Phial of floods   |       |       |       |       |       |     1 ||     1
  Use: Potion            |       |     1 |     2 |     5 |    15 |     9 ||    32
       Scroll            |       |    11 |     4 |    10 |    28 |    14 ||    67
 Stab: Sleeping          |     3 |     3 |    43 |    36 |    84 |     3 ||   172
       Distracted        |       |       |       |     5 |    11 |     2 ||    18
       Invisible         |       |       |       |       |     5 |       ||     5
       Fleeing           |       |       |       |       |     1 |       ||     1
  Eat: Chunk             |     3 |     4 |    21 |    13 |    54 |    18 ||   113
       Royal jelly       |       |     1 |     1 |     1 |     5 |       ||     8
       Fruit             |       |       |     1 |    10 |       |     7 ||    18
       Beef jerky        |       |       |     1 |       |     3 |       ||     4
       Pizza             |       |       |       |     2 |     1 |       ||     3
       Bread ration      |       |       |       |       |     1 |       ||     1
